 Dungeon Crawl Stone Soup version 0.30-a0-626-gd6a5dd7a1f (webtiles) character file.

Game seed: 16130071437902237608

9 Citaku the Covered (level 2, -1/27 HPs)
             Began as a Minotaur Fighter on Jan 11, 2023.
             Slain by a kobold
             ... wielding a +1 whip of electrocution
              (17 damage)
             ... on level 1 of the Dungeon.
             The game lasted 00:00:28 (266 turns).

Citaku the Covered (Minotaur Fighter)                Turns: 266, Time: 00:00:29

Health: -1/27      AC:  7    Str: 20    XL:     2   Next: 6%
Magic:  1/1        EV:  9    Int:  5    God:
Gold:   29         SH:  4    Dex:  9    Spells: 1/1 levels left

rFire   . . .      SeeInvis .    a - +0 war axe
rCold   . . .      Faith    .    c - +0 buckler
rNeg    . . .      Spirit   .    b - +0 scale mail
rPois   .          Reflect  .    (helmet restricted)
rElec   .          Harm     .    (no cloak)
rCorr   .          Rampage  .    (no gloves)
Will    .....                    (no boots) Stlth
                                 (no amulet)
HPRegen 0.24/turn                (no ring)
MPRegen 0.07/turn                (no ring)

@: no status effects
A: horns 2, retaliatory headbutt
a: no special abilities


You were on level 1 of the Dungeon.
You visited 1 branch of the dungeon, and saw 1 of its levels.

You collected 29 gold pieces.

Inventory:

Hand Weapons
 a - a +0 war axe (weapon)
Armour
 b - a +0 scale mail (worn)
 c - a +0 buckler (worn)
Scrolls
 e - 2 scrolls of identify {unknown}
 f - a scroll of poison {unknown}
Potions
 d - a potion of might


   Skills:
 + Level 3.7 Fighting
 * Level 2.8 Axes
 * Level 3.9 Armour
 + Level 3.8 Shields


You had one spell level left.
You didn't know any spells.
Your spell library was empty.

Dungeon Overview and Level Annotations

Branches:
Dungeon (1/15)

Altars:


Innate Abilities, Weirdness & Mutations

You have a pair of horns on your head.
You reflexively headbutt those who attack you in melee.


Message History

Found 12 gold pieces.
The endoplasm quivers.
An endoplasm is nearby!
A ball python comes into view.
The ball python hisses angrily.
The endoplasm freezes you.
You are frozen.
You hit the endoplasm.
The endoplasm is severely wounded.
The endoplasm hits you but does no damage.
The endoplasm freezes you.
You are frozen.
You hit the endoplasm.
You kill the endoplasm!
You have reached level 2!
The ball python barely misses you. x4
You closely miss the ball python.
The ball python bites you but does no damage.
The ball python grabs you. The ball python constricts you.
You block the ball python's attack. The ball python constricts you.
You hit the ball python.
You kill the ball python!
You see here a ball python corpse.
HP restored.
A kobold comes into view.
It is wielding a +1 whip of electrocution.
The kobold shouts!
The kobold moves out of view.
Found a sedimented coppery potion.
The kobold closely misses you.
A kobold is nearby!
The kobold hits you with a +1 whip of electrocution.
You closely miss the kobold. Your headbutt misses the kobold.
The kobold closely misses you. The kobold hits you but does no damage.
You closely miss the kobold. The kobold closely misses you.
You barely miss the kobold. The kobold hits you but does no damage.
You are electrocuted!
You completely miss the kobold. You block the kobold's attack.
The kobold hits you with a +1 whip of electrocution.
You are electrocuted!
Ouch! That really hurt!
You die...

..#....# ..#....#
..#....##.# ##
..##....#.. .
........#.# ##. #####
........#.# #..#.#..#
.......##.# #.#.#.#.#
.#.....##.####.#$#.#
.#.....##.##..#.@.#
........>)##.#.#K#.#
.#######..#.†.#.#.#..
.#######..#.#....#..##
..........#.#.......#
.....###.##.#.#####...
.....###'##.#.# ####
.##.......#.#.#
..+.......#.#.#


You could see a kobold.

Vanquished Creatures
  2 ball pythons (D:1)
  3 endoplasms (D:1)
  A hobgoblin (D:1)
  2 frilled lizards (D:1)
8 creatures vanquished.

Notes
Turn   | Place    | Note
-------+----------+-------------------------------------------
     0 | D:1      | Citaku the Minotaur Fighter began the quest for the Orb.
     0 | D:1      | Reached XP level 1. HP: 19/19 MP: 0/0
   243 | D:1      | Reached XP level 2. HP: 22/27 MP: 1/1
   266 | D:1      | Slain by a kobold

Illustrated notes

Levels and vault maps discovered:
D:1:      scummos_arrival_gate, layout_basic, minmay_tiny_reverse_x

Action                   || total
-------------------------++-------
Melee: War axe           ||    17
Armor: Scale mail        ||    12
Dodge: Dodged            ||    12
Block: Buckler           ||     4

Table legend: (Time is in decaauts)
 A = Elapsed time spent in this place.
 B = Non-inter-level travel time spent in this place.
 C = Inter-level travel time spent in this place.
 D = Time resting spent in this place.
 E = Time spent auto-exploring this place.
 F = Levels seen in this place.
 G = Mean time per level.
                   A        B        C        D        E       F      G
               +--------+--------+--------+--------+--------+-----+--------+
         Total |    272 |    272 |      0 |      0 |    203 |   1 |  272.0 |
       Dungeon |    272 |    272 |      0 |      0 |    203 |   1 |  272.0 |
               +--------+--------+--------+--------+--------+-----+--------+

Top non-repeatable levels by time:
     D:1: 272 daAuts
